AoeStats
← matthew970127

Arena

508225940Analyzed
4v4 RM · 9d ago on Sep 21, 2026· 54m 31s· 8 players
Game mode
Random Map
Map size
Large (8 player)
Population
200
Speed
Normal
Resources
Standard
Victory
Conquest
Starting age
Dark Age
Ending age
Imperial Age
RankedLock teamsTeams togetherTeam positionsShared explorationLock speedFull tech treeHidden civsTurbo modeCheats
Victory
Defeat
🇦🇺 Inca · Australia
974
+12
🇵🇹 Khmer · Portugal
962
+13
🇮🇳 Ethiopians · India
922
+15
🇨🇦 Malians · Canada
912
+15
🇦🇷 Persians · Argentina
964
-16
🇹🇼 Italians · Taiwan
939
-16
🇹🇼 Goths · Taiwan
918
-15
🇹🇼 Mongols · Taiwan
750
-8
Black Wolf
12:30 Feudal Age
12:28 Loom
16:00 Castle Age
15:16 Double-Bit Axe
17:38 Bow Saw
19:04 Horse Collar
20:16 Wheelbarrow
20:41 Heavy Plow
23:44 Fletching
24:28 Thumb Ring
25:15 Hand Cart
24:56 Crossbowman
25:32 Gold Mining
26:39 Bodkin Arrow
26:44 Padded Archer Armor
28:30 Ballistics
28:29 Leather Archer Armor
28:47 Town Watch
30:13 Gold Shaft Mining
29:31 Stone Mining
30:35 Elite Skirmisher
32:51 Scale Mail Armor
33:01 Forging
33:37 Squires
36:38 Imperial Age
35:02 Town Patrol
35:26 Chain Mail Armor
35:47 Iron Casting
36:47 Halberdier
36:53 Arbalester
38:49 Chemistry
38:16 Bracer
40:43 Plate Mail Armor
40:51 Conscription
43:32 Blast Furnace
43:03 Ring Archer Armor
43:38 Arson
46:07 Torsion Engines
46:40 Siege Engineers
El Nuto
10:17 Feudal Age
10:44 Loom
14:33 Castle Age
13:52 Double-Bit Axe
13:52 Horse Collar
16:14 Scale Mail Armor
16:30 Forging
18:15 Champi Runner
19:54 Champi Warrior
22:39 Squires
23:08 Arson
30:07 Wheelbarrow
33:53 Chain Mail Armor
34:14 Iron Casting
33:28 Pikeman
37:15 Bow Saw
37:08 Heavy Plow
37:06 Gold Mining
37:07 Stone Mining
44:00 Imperial Age
42:37 Gold Shaft Mining
44:10 Halberdier
45:59 Plate Mail Armor
46:49 Hand Cart
47:48 Blast Furnace
52:05 Elite Champi Warrior
dasorux
11:23 Feudal Age
12:01 Man-at-Arms
14:45 Wheelbarrow
16:49 Arson
19:08 Castle Age
18:00 Double-Bit Axe
18:32 Horse Collar
24:12 Gold Mining
25:03 Bloodlines
25:54 Husbandry
26:45 Scale Mail Armor
29:58 Hand Cart
29:31 Town Watch
29:33 Light Cavalry
31:20 Forging
31:02 Fletching
31:19 Scale Barding Armor
31:39 Bow Saw
35:36 Imperial Age
33:44 Iron Casting
33:07 Bodkin Arrow
35:11 Heavy Plow
35:42 Tigui
36:13 Chain Barding Armor
36:24 Farimba
38:49 Plate Barding Armor
38:35 Pikeman
39:16 Squires
39:03 Cavalier
41:00 Chain Mail Armor
42:49 Chemistry
42:00 Fortified Wall
41:32 Treadmill Crane
42:04 Masonry
42:15 Ballistics
43:14 Long Swordsman
44:22 Conscription
44:31 Two-Handed Swordsman
45:45 Plate Mail Armor
46:38 Padded Archer Armor
46:43 Heavy Camel Rider
49:41 Champion
!
11:14 Feudal Age
14:29 Castle Age
12:32 Double-Bit Axe
12:38 Horse Collar
13:55 Loom
15:43 Bow Saw
15:36 Heavy Plow
23:32 Wheelbarrow
23:53 Gold Mining
26:31 Hand Cart
27:07 Town Watch
32:02 Imperial Age
29:18 Town Watch
29:49 Stone Mining
32:10 Stone Shaft Mining
32:12 Gold Shaft Mining
32:52 Ballistics
32:44 Masonry
33:28 Pikeman
33:54 Arson
34:11 Halberdier
35:38 Heavy Scorpion
36:36 Scale Mail Armor
36:47 Forging
38:16 Chemistry
37:23 Siege Engineers
38:00 Double Crossbow
38:11 Capped Ram
40:48 Conscription
41:06 Chain Mail Armor
41:26 Iron Casting
41:15 Elite Ballista Elephant
43:20 Architecture
42:40 Heated Shot
43:02 Fortified Wall
45:18 Blast Furnace
44:24 Scale Barding Armor
44:21 Padded Archer Armor
44:11 Fletching
44:24 Elite Battle Elephant
45:19 Bloodlines
45:35 Town Patrol
46:41 Husbandry
48:29 Siege Ram
53:20 Chain Barding Armor
yainyuyu
11:41 Feudal Age
15:40 Castle Age
14:34 Double-Bit Axe
15:00 Horse Collar
20:07 Fletching
21:36 Bow Saw
24:38 Padded Archer Armor
25:59 Town Watch
28:00 Husbandry
27:57 Gold Mining
28:54 Heavy Plow
29:06 Bodkin Arrow
33:29 Wheelbarrow
33:20 Leather Archer Armor
33:31 Ballistics
34:05 Scale Barding Armor
34:27 Bloodlines
33:38 Light Cavalry
35:43 Chain Barding Armor
38:51 Forging
44:47 Imperial Age
46:11 Iron Casting
45:03 Hussar
matthew970127
10:12 Feudal Age
14:08 Loom
16:40 Castle Age
15:17 Stone Mining
17:43 Horse Collar
18:34 Double-Bit Axe
21:17 Heavy Plow
25:13 Wheelbarrow
26:48 Gold Mining
28:16 Bow Saw
31:53 Imperial Age
30:19 Forging
30:10 Scale Mail Armor
30:28 Hand Cart
31:13 Squires
32:22 Chain Mail Armor
33:13 Town Watch
34:28 Iron Casting
34:07 Anarchy
35:40 Ballistics
38:24 Perfusion
38:47 Conscription
39:05 Stone Shaft Mining
38:38 Town Patrol
40:59 Pikeman
42:52 Blast Furnace
41:27 Halberdier
42:38 Elite Huskarl
zzy320286
11:59 Feudal Age
15:40 Castle Age
13:39 Double-Bit Axe
13:50 Horse Collar
17:03 Bow Saw
18:25 Heavy Plow
22:38 Stone Mining
23:08 Gold Mining
23:58 Stone Shaft Mining
24:26 Wheelbarrow
23:43 Loom
24:50 Gold Shaft Mining
25:36 Hand Cart
29:14 Imperial Age
27:37 Husbandry
27:47 Bloodlines
29:04 Scale Barding Armor
29:09 Forging
29:33 Ballistics
29:39 Padded Archer Armor
29:03 Cavalier
30:18 Chain Barding Armor
30:31 Crop Rotation
31:09 Two-Man Saw
32:06 Iron Casting
31:07 Savar
33:08 Plate Barding Armor
33:47 Conscription
34:50 Blast Furnace
34:17 Town Watch
34:53 Citadels
34:57 Onager
36:37 Hoardings
37:32 Elite War Elephant
51:10 Fletching
51:21 Padded Archer Armor
51:39 Guard Tower
52:50 Chemistry
micky970815
11:20 Feudal Age
15:11 Castle Age
13:07 Double-Bit Axe
13:49 Horse Collar
19:57 Bow Saw
36:54 Heavy Plow
45:36 Caravan
49:36 Wheelbarrow
53:09 Imperial Age
51:55 Ballistics
Connection lost

Rejoining the realm…

Still unreachable

The connection could not be restored.

Session expired

The server has moved on; the page needs a fresh start.